Map: Ulrena

Players

pupu - Winner!

  • Race: Protoss Protoss
  • League: Silver

Eden

  • Race: Protoss Protoss

VOD

Have the link to the VOD?

Description

Time

  • Played on: April 4, 2016, 10:09 a.m.
  • Length: 7:53
Show
View Real Time Build Order
Export as new Build Order

pupu Protoss - Winner!

Build Orders: Nexus First 

Get SALT Encoding   

  12  0:01  Probe (Chrono Boost)  
  13  0:12  Probe (Chrono Boost)  
  14  0:20  Pylon  
  14  0:22  Probe (Chrono Boost)  
  15  0:38  Probe (Chrono Boost)  
  16  0:49  Probe (Chrono Boost)  
  17  1:04  Nexus  
  17  1:06  Probe (Chrono Boost)  
  18  1:16  Gateway  
  18  1:22  Assimilator  
  18  1:25  Assimilator  
  18  1:28  Probe (Chrono Boost)  
  19  1:39  Probe (Chrono Boost)  
  20  1:45  Pylon  
  20  1:56  Probe (Chrono Boost)  
  21  2:07  Probe (Chrono Boost)  
  22  2:09  Cybernetics Core  
  22  2:17  Probe (Chrono Boost)  
  22  2:19  Probe (Chrono Boost)  
  24  2:23  Zealot  
  26  2:31  Probe (Chrono Boost)  
  26  2:32  Probe (Chrono Boost)  
  28  2:41  Probe (Chrono Boost)  
  28  2:42  Probe (Chrono Boost)  
  30  2:46  Pylon  
  30  2:52  Probe (Chrono Boost)  
  30  2:53  Probe (Chrono Boost)  
  26  3:07  Probe x2 (Chrono Boost)  
  26  3:10  Stalker (Chrono Boost)  
  28  3:17  Probe (Chrono Boost)  
  28  3:18  Probe (Chrono Boost)  
  30  3:26  Probe (Chrono Boost)  
  30  3:28  Probe  
  29  3:37  Probe  
  29  3:40  Probe  
  30  3:45  Stalker (Chrono Boost)  
  32  3:49  Warp Gate (Chrono Boost)  
  32  3:52  Probe x2  
  26  4:07  Gateway  
  25  4:11  Gateway  
  25  4:12  Mothership Core  
  25  4:32  Probe  
  25  4:33  Probe  
  27  4:44  Probe, Assimilator  
  28  4:45  Probe  
  28  4:50  Adept  
  29  4:54  Pylon  
  29  4:56  Probe  
  29  4:57  Probe  
  33  5:08  Probe  
  33  5:10  Probe  
  35  5:14  Pylon  
  35  5:20  Probe (Chrono Boost)  
  36  5:23  Probe (Chrono Boost), Gateway  
  37  5:33  Probe (Chrono Boost)  
  39  5:35  Probe (Chrono Boost)  
  39  5:40  Stalker x2  
  43  5:43  Sentry  
  45  5:56  Gateway  
  45  5:58  Probe (Chrono Boost)  
  45  5:59  Probe (Chrono Boost), Pylon  
  47  6:05  Pylon  
  47  6:09  Probe (Chrono Boost)  
  48  6:12  Stargate  
  48  6:14  Pylon  
  48  6:16  Probe (Chrono Boost)  
  48  6:18  Stalker  
  51  6:20  Sentry  
  53  6:25  Stalker  
  53  6:30  Stalker  
  57  7:01  Stalker x4  
  59  7:30  Stalker x4  
Show
View Real Time Build Order
Export as new Build Order

Eden Protoss 

Build Orders:  

Get SALT Encoding   

  12  0:04  Probe (Chrono Boost)  
  13  0:14  Probe (Chrono Boost)  
  13  0:20  Pylon  
  14  0:26  Probe (Chrono Boost)  
  15  0:40  Probe (Chrono Boost), Gateway  
  16  0:50  Probe (Chrono Boost)  
  17  1:01  Probe (Chrono Boost)  
  18  1:06  Assimilator  
  18  1:19  Probe (Chrono Boost)  
  19  1:29  Cybernetics Core  
  19  1:30  Probe (Chrono Boost)  
  19  1:32  Zealot  
  22  1:41  Pylon  
  22  1:43  Probe (Chrono Boost), Pylon  
  22  1:46  Pylon  
  23  1:51  Assimilator  
  23  2:01  Probe (Chrono Boost)  
  23  2:03  Pylon  
  23  2:12  Mothership Core (Chrono Boost)  
  25  2:30  Probe (Chrono Boost)  
  26  2:40  Nexus  
  26  2:45  Pylon  
  24  3:25  Pylon  
  24  3:30  Probe (Chrono Boost)  
  25  3:36  Gateway  
  25  3:41  Probe (Chrono Boost), Gateway  
  26  4:04  Probe (Chrono Boost)  
  27  4:14  Probe (Chrono Boost)  
  26  4:24  Robotics Facility  
  26  4:26  Stalker, Pylon  
  26  4:29  Warp Gate (Chrono Boost)  
  27  4:35  Stalker x2  
  27  4:38  Probe  
  32  4:50  Probe  
  33  5:02  Probe  
  34  5:08  Pylon  
  34  5:11  Twilight Council  
  34  5:12  Observer  
  35  5:14  Mothership Core  
  37  5:24  Probe  
  37  5:26  Stargate  
  38  5:33  Assimilator  
  38  5:35  Probe, Assimilator  
  38  5:38  Gateway  
  38  5:40  Gateway  
  39  5:43  Probe  
  39  5:48  Probe  
  41  5:50  Pylon  
  41  5:54  Probe  
  42  6:11  Nexus  
  42  6:17  Observer  
  43  6:33  Probe  
  43  6:35  Probe  
  43  6:38  Immortal  
  49  6:42  Oracle  
  49  6:44  Probe  
  53  6:47  Probe  
  53  6:50  Stalker  
  53  6:51  Stalker  
  53  6:53  Zealot x2  
  58  6:54  Zealot  
  48  7:14  Stalker x2  
  48  7:15  Stalker  
Tags
 
League
Silver
Matchup
PvP
Add a new tag
Caveats
  • Supply blocks, unpowered buildings, or Contaminate may cause inaccurate times.
  • Supply counts are checked every 10 seconds.